 Dungeon Crawl Stone Soup version 0.30-a0-1116-gebefce21f7 (webtiles) character file.

Game seed: 17368414788750079153

892648 pokedragonboy the Immaculate (level 27, -14/251 (273) HPs)
             Began as a Hill Orc Fighter on Apr 19, 2023.
             Was a High Priest of Zin.
             Demolished by a starflower (21 damage)
             ... on level 7 of the Abyss on Apr 21, 2023.
             The game lasted 05:29:06 (94124 turns).

pokedragonboy the Immaculate (Hill Orc Fighter)    Turns: 94124, Time: 05:29:07

HP:   -14/251 (273) AC: 34    Str: 42    XL:     27
MP:   40/40         EV: 27    Int: 12    God:    Zin [*****.]
Gold: 9295          SH:  0    Dex: 22    Spells: 53/53 levels left

rFire   + + +      SeeInvis +    c - +9 executioner's axe (holy)
rCold   + + .      Faith    .    (shield currently unavailable)
rNeg    + + +      Spirit   .    j - +9 gold dragon scales
rPois   ∞          Reflect  .    M - +1 hat "Iphepof" {Drain rPois rF+ rC+}
rElec   +          Rampage  .    Y - scarf {rC+ rF+}
rCorr   +                        q - +0 pair of gloves {hurl}
Will    +++..                    O - -1 pair of boots "Jojuxtikk" {rF+ rN++} Stlth
                                 D - amulet of Hanlem {RegenMP rPois rCorr Dex+3 Slay+3}
HPRegen 0.61/turn                S - ring "Kytoligi" {Fire Fly rElec Will+ Int-3}
MPRegen 0.67/turn                R - ring "Beti" {+Blink rF- rN++ rCorr SInv}

@: vitalised, on recite cooldown, flying, studying 2 skills, drained
A: deformed body, deterioration 1, dopey 1, fire resistance 1, electricity
resistance
}: 8/15 runes: decaying, slimy, silver, obsidian, abyssal, demonic, magical,
gossamer
a: Renounce Religion, Evoke Blink, Recite, Vitalisation, Imprison, Sanctuary,
Donate Gold


You were on level 7 of the Abyss.
You worshipped Zin.
Zin was extremely pleased with you.
You visited 13 branches of the dungeon, and saw 59 of its levels.
You visited Pandemonium 1 time, and saw 7 of its levels.
You visited the Abyss 6 times.
You also visited: Trove, Bailey, Gauntlet, Ice Cave, Wizlab and Desolation.

You collected 10051 gold pieces.
You spent 689 gold pieces at shops.
You donated 67 gold pieces to Zin.

Inventory:

Hand Weapons
 a - a +8 spectral battleaxe
 b - a +4 battleaxe of flaming
 c - a +9 executioner's axe of holy wrath (weapon)
Armour
 j - +9 gold dragon scales (worn)
 q - a +0 pair of gloves of hurling (worn)
 M - the +1 hat "Iphepof" (worn) {Drain rPois rF+ rC+}
   (You found it in a treasure trove)

   rF:        It protects you from fire.
   rC:        It protects you from cold.
   rPois:     It protects you from poison.
   Drain:     It drains your maximum health when unequipped.
 O - the -1 pair of boots "Jojuxtikk" (worn) {rF+ rN++}
   (You found it on level 5 of the Vaults)

   rF:        It protects you from fire.
   rN:        It greatly protects you from negative energy.
 Y - a scarf of resistance (worn)
Jewellery
 n - a ring of magical power
 p - a +6 ring of dexterity
 t - the amulet "Suimp" {Reflect Will+ SH+5}
   (You took it off a deep elf death mage on level 3 of the Elven Halls)

   [amulet of reflection]

   It reflects blocked missile attacks.
   SH:        It affects your SH (+5).
   Will:      It increases your willpower.
 D - the amulet of Hanlem (around neck) {RegenMP rPois rCorr Dex+3 Slay+3}
   (You acquired it on level 10 of the Dungeon)

   [amulet of magic regeneration]

   It increases your rate of magic regeneration.
   Dex:       It affects your dexterity (+3).
   Slay:      It affects your accuracy & damage with ranged weapons and melee
   (+3).
   rPois:     It protects you from poison.
   rCorr:     It protects you from acid and corrosion.
 L - the ring "Punyezob" {rF+ rC+ Int+2 Dex+3}
   (You found it on level 3 of the Depths)

   [ring of protection from cold]

   Int:       It affects your intelligence (+2).
   Dex:       It affects your dexterity (+3).
   rF:        It protects you from fire.
   rC:        It protects you from cold.
 R - the ring "Beti" (right hand) {+Blink rF- rN++ rCorr SInv}
   (You found it on level 5 of the Abyss)

   [ring of see invisible]

   rF:        It makes you vulnerable to fire.
   rN:        It greatly protects you from negative energy.
   SInv:      It lets you see invisible.
   +Blink:    It lets you blink.
   rCorr:     It protects you from acid and corrosion.
 S - the ring "Kytoligi" (left hand) {Fire Fly rElec Will+ Int-3}
   (You acquired it in a wizard's laboratory)

   [ring of fire]

   It enhances your fire magic.
   Int:       It affects your intelligence (-3).
   rF:        It protects you from fire.
   rC:        It makes you vulnerable to cold.
   rElec:     It insulates you from electricity.
   Fly:       It grants you flight.
   Will:      It increases your willpower.
 T - the ring "Buesodoi" {Wiz Drain Will+ Str+4 Slay+3}
   (You found it in an ice cave)

   [ring of wizardry]

   It improves your spell success rate.
   Str:       It affects your strength (+4).
   Slay:      It affects your accuracy & damage with ranged weapons and melee
   (+3).
   Drain:     It drains your maximum health when unequipped.
   Will:      It increases your willpower.
Wands
 h - a wand of iceblast (57)
 w - a wand of light (27)
 y - a wand of flame (105)
 C - a wand of mindburst (47)
 E - a wand of charming (36)
 G - a wand of digging (2)
 P - a wand of polymorph (53)
Scrolls
 e - 15 scrolls of immolation
 i - 11 scrolls of fear
 k - 4 scrolls of blinking
 m - 9 scrolls of fog
 r - 8 scrolls of noise
 v - 6 scrolls of magic mapping
 x - a scroll of butterflies
 A - 34 scrolls of teleportation
 H - 8 scrolls of vulnerability
 W - 4 scrolls of silence
Potions
 d - 9 potions of might
 g - 5 potions of ambrosia
 l - 6 potions of lignification
 o - 5 potions of heal wounds
 s - 10 potions of haste
 z - 9 potions of attraction
 I - 7 potions of berserk rage
 J - 2 potions of magic
 N - 2 potions of mutation
 X - 5 potions of resistance
 Z - 16 potions of curing
Miscellaneous
 F - a phantom mirror
 K - a tin of tremorstones (2/2)
 Q - a phial of floods
 V - a lightning rod (4/4)


   Skills:
 O Level 27 Fighting
 O Level 27 Axes
 O Level 27 Armour
 O Level 27 Dodging
 - Level 4.0 Shields
 + Level 13.8 Spellcasting
 O Level 27 Invocations
 - Level 10.0 Evocations


You had 53 spell levels left.
You didn't know any spells.
Your spell library contained the following spells:

 Spells                   Type           Power      Damage    Failure   Level
 Apportation              Tloc           16%        N/A       26%         1
 Foxfire                  Conj/Fire      48%        2x1d6     26%         1
 Freeze                   Ice            32%        1d5       26%         1
 Magic Dart               Conj           32%        1d4       26%         1
 Necrotise                Necr           32%        1d5       26%         1
 Sandblast                Erth           16%        2d6       26%         1
 Slow                     Hex            32%        N/A       26%         1
 Summon Small Mammal      Summ           32%        N/A       26%         1
 Blink                    Tloc           16%        N/A       38%         2
 Call Imp                 Summ           16%        N/A       38%         2
 Cigotuvi's Dreadful Rot  Necr/Pois/Air  16%        N/A       38%         2
 Ensorcelled Hibernation  Hex/Ice        16%        N/A       38%         2
 Passwall                 Tmut/Erth      6%         N/A       38%         2
 Poisonous Vapours        Pois/Air       16%        N/A       38%         2
 Scorch                   Fire           24%        2d6       38%         2
 Static Discharge         Conj/Air       16%        2-3/arc   38%         2
 Sublimation of Blood     Necr           8%         N/A       38%         2
 Wereblood                Tmut           8%         N/A       38%         2
 Call Canine Familiar     Summ           8%         N/A       63%         3
 Confusing Touch          Hex            8%         N/A       63%         3
 Dazzling Flash           Conj/Hex       16%        N/A       63%         3
 Ignite Poison            Fire/Tmut/Pois 12%        N/A       63%         3
 Inner Flame              Hex/Fire       12%        N/A       63%         3
 Mephitic Cloud           Conj/Pois/Air  8%         N/A       63%         3
 Ozocubu's Armour         Ice            8%         N/A       63%         3
 Portal Projectile        Hex/Tloc       16%        N/A       63%         3
 Spider Form              Tmut/Pois      8%         N/A       63%         3
 Stone Arrow              Conj/Erth      16%        3d8       63%         3
 Summon Guardian Golem    Hex/Summ       8%         N/A       63%         3
 Swiftness                Air            8%         N/A       63%         3
 Tukima's Dance           Hex            8%         N/A       63%         3
 Vampiric Draining        Necr           8%         2d6       63%         3
 Airstrike                Air            4%         2d(1-17)  95%         4
 Anguish                  Hex/Necr       4%         N/A       95%         4
 Animate Armour           Summ/Erth      16%        N/A       95%         4
 Animate Dead             Necr           8%         N/A       95%         4
 Dispel Undead            Necr           8%         3d8       95%         4
 Flame Wave               Conj/Fire      12%        2d6       95%         4
 Leda's Liquefaction      Hex/Erth       4%         N/A       95%         4
 Manifold Assault         Tloc           8%         N/A       95%         4
 Passage of Golubria      Tloc           8%         N/A       95%         4
 Petrify                  Tmut/Erth      8%         N/A       95%         4
 Sticky Flame             Conj/Fire      12%        2d4       95%         4
 Summon Ice Beast         Ice/Summ       8%         N/A       95%         4
 Summon Lightning Spire   Summ/Air       8%         N/A       95%         4
 Agony                    Necr           8%         N/A       100%        5
 Alistair's Intoxication  Tmut/Pois      5%         N/A       100%        5
 Blade Hands              Tmut           4%         N/A       100%        5
 Borgnjor's Vile Clutch   Necr/Erth      4%         N/A       100%        5
 Fireball                 Conj/Fire      6%         3d5       100%        5
 Freezing Cloud           Conj/Ice/Air   4%         6-21      100%        5
 Irradiate                Conj/Tmut      4%         3d13      100%        5
 Lee's Rapid Deconstruct  Erth           4%         3d5*      100%        5
 Metabolic Englaciation   Hex/Ice        4%         N/A       100%        5
 Silence                  Hex/Air        4%         N/A       100%        5
 Summon Forest            Summ/Tloc      4%         N/A       100%        5
 Summon Mana Viper        Hex/Summ       8%         N/A       100%        5
 Yara's Violent Unravell  Hex/Tmut       4%         3d4       100%        5
 Conjure Ball Lightning   Conj/Air       4%         3x3d6     100%        6
 Death Channel            Necr           4%         N/A       100%        6
 Eringya's Noxious Bog    Tmut/Pois      4%         N/A       100%        6
 Iron Shot                Conj/Erth      4%         9d2       100%        6
 Plasma Beam              Fire/Air       6%         2x1d18    100%        6
 Simulacrum               Ice/Necr       4%         N/A       100%        6
 Starburst                Conj/Fire      6%         6d4       100%        6
 Statue Form              Tmut/Erth      5%         N/A       100%        6
 Summon Cactus Giant      Summ           4%         N/A       100%        6
 Dragon Form              Tmut           4%         N/A       100%        7
 Enfeeble                 Hex            4%         N/A       100%        7
 Haunt                    Necr/Summ      4%         N/A       100%        7
 Malign Gateway           Summ/Tloc      4%         N/A       100%        7
 Monstrous Menagerie      Summ           4%         N/A       100%        7
 Storm Form               Tmut/Air       4%         N/A       100%        7
 Summon Hydra             Summ           4%         N/A       100%        7
 Discord                  Hex            4%         N/A       100%        8
 Disjunction              Tloc           4%         N/A       100%        8
 Ignition                 Fire           6%         3d4       100%        8
 Infestation              Necr           4%         N/A       100%        8
 Lehudib's Crystal Spear  Conj/Erth      4%         10d3      100%        8
 Maxwell's Capacitive Co  Air            4%         ∞         100%        8
 Summon Horrible Things   Summ           4%         N/A       100%        8
 Fire Storm               Conj/Fire      6%         8d2       100%        9
 Polar Vortex             Ice            4%         N/A       100%        9


Dungeon Overview and Level Annotations

Branches:
Dungeon (15/15)            Temple (1/1) D:5            Lair (5/5) D:10
  Swamp (4/4) Lair:3       Spider (4/4) Lair:3        Slime (5/5) Lair:4
    Orc (2/2) D:10            Elf (3/3) Orc:2        Vaults (5/5) D:13
  Crypt (3/3) Vaults:2       Tomb (0/3) Crypt:3      Depths (4/4) D:15
   Hell (visited)             Dis (0/7) Hell            Geh (7/7) Hell
    Coc (0/7) Hell            Tar (0/7) Hell            Zot (0/5) Depths:4
 Bailey (visited)           IceCv (visited)          WizLab (visited)
Desolation (visited)      Gauntlet (visited)

Altars:
Ashenzari
Cheibriados
Dithmenos
Elyvilon
Fedhas
Gozag
Hepliaklqana
Kikubaaqudgha
Makhleb
Nemelex Xobeh
Okawaru
Qazlal
Ru
Sif Muna
Trog
Uskayaw
Vehumet
Wu Jian
Xom
Yredelemnul
Zin
The Shining One
Beogh
Jiyva

Shops:
D:3 (:=((   D:12 *   Orc:1 [   Orc:2 *[*(**   Elf:1 [(:[   Elf:2 *   Vaults:2 *
Vaults:5 (   Depths:3 :

Portals:
Hell: Depths:1 Depths:2 Depths:3 Depths:4
Abyss: Depths:1 Depths:3
Pandemonium: Depths:1 Depths:2 Depths:4
Ziggurat: Depths:1

Annotations:
D:7 1 runed translucent door
D:8 1 runed translucent door
Lair:2 2 runed translucent doors, BlueFalcon's ghost, journeyman DsGl
Spider:1 2 transporters
Spider:4 1 runed translucent door, cheesebisquit's ghost, adept TrFi
Elf:2 4 runed translucent doors, Heg Cuhi's ghost, adept MiFi; Myrud's ghost, adept HOFi; Piot's ghost, adept DsFi; roninjake's ghost, adept DsFi


Innate Abilities, Weirdness & Mutations

Armour fits poorly on your strangely shaped body.
Your body sometimes deteriorates upon taking damage.
You are dopey. (Int -2)
Your flesh is heat resistant. (rF+)
You are resistant to electric shocks. (rElec)


Message History

You kill the Executioner!
The Executioner disappears in a puff of smoke!
You hear a roar!
The ghoul claws you!
* * * LOW HITPOINT WARNING * * *
The ghoul completely misses you.
A starcursed mass splits.
The wretched star pulses with an eldritch light!
Zin protects your body from mutation!
A starcursed mass splits.
The orange demon completely misses you.
Unknown command.
Blink to where?
Press: ? - help, Dir - move target A large abomination comes into view.
As you read the scroll of blinking, it crumbles to dust.
The dread lich casts a spell.
The dread lich seems to speed up.
The large abomination closely misses you.
The starflower tentacle-slaps you.
* * * LOW HITPOINT WARNING * * *
Space warps horribly around you!
* * * LOW HITPOINT WARNING * * *
The starflower closely misses you. The starflower barely misses you.
The starflower tentacle-slaps you!
* * * LOW HITPOINT WARNING * * *
Space warps horribly around you!
* * * LOW HITPOINT WARNING * * *
The starflower tentacle-slaps you but does no damage.
The starflower barely misses you. The starflower completely misses you.
The starflower closely misses you. The starflower misses you.
The starflower completely misses you. The starflower misses you. x2
The thrashing horror roars!
You hear a roar!
The dread lich gestures wildly while chanting.
The large abomination misses you.
The walking frostbound tome erupts in a flurry of living spells!
The starflower tentacle-slaps you but does no damage.
The starflower misses you. The starflower closely misses you.
The starflower tentacle-slaps you.
* * * LOW HITPOINT WARNING * * *
Space warps horribly around you!!
You die...

.#...###. .
.......4§X### ..#
... #Ln.§.X..# §
###..##..#1*#HX..#
. .#....**;.## ...
..## #.§#.....# #
# #...#.3x*.##.#
#..#...XPP.##.#. #
#§§§.P@*...# ..
#§##X...P.#.# .# .
.###...## # ..
#.....# ## ##
§...#.# # ###
.wX..#§... #.#
.#§§X#..... .
.###.##.###. # . .
...; .#


You could see 2 starcursed masses, a ghoul, a walking frostbound tome, an Ice
Fiend (summoned), 4 starflowers, a tentacled starspawn, a wretched star, an
orange demon (corona), an ancient zyme, a thrashing horror, 2 large
abominations, a neqoxec and 4 living spells.

Vanquished Creatures
  Asmodeus (Geh:7)
  the Royal Jelly (Slime:5)
  Lom Lobon (Pan)
  the Serpent of Hell (Geh:7)
  A dread lich (Abyss:4)
  5 ancient liches
  6 pandemonium lords (Pan)
  Mara (Spider:3)
  The ghost of Osilorir the Intangible, a veteran MfMo of Cheibriados (Depths:3)
  The ghost of Osilorir the Intangible, a veteran MfMo of Cheibriados (Depths:3)
  Sojobo (Depths:1)
  A curse toe (Crypt:3)
  2 caustic shrikes
  A profane servitor (Abyss:7)
  Geryon (Hell)
  the Enchantress (Depths:1)
  7 bone dragons
  4 golden dragons
  18 Brimstone Fiends
  22 hellephants
  The ghost of Rofut the Lord of Darkness, an adept AtIE of Kikubaaqudgha (Depths:3)
  6 Tzitzimimeh (Pan)
  11 tentacled monstrosities
  An iron giant (Depths:3)
  8 liches
  A Hell Sentinel (Pan)
  3 deep elf blademasters
  12 titans
  11 Ice Fiends (Pan)
  3 walking divine tomes
  A shard shrike skeleton (Abyss:4)
  Asterion (Vaults:2)
  2 deep elf master archers (Elf:3)
  16 searing wretches
  7 Executioners
  2 quicksilver dragons
  The ghost of bigduke15 the Earth Mage, an adept GrEE of Vehumet (Swamp:3)
  12 ancient champions
  8 sphinxes
  28 tentacled starspawn
  12 acid blobs
  The ghost of Eboth the Blocker, an adept GnFi of Okawaru (Swamp:3)
  Kirke (Swamp:3)
  The ghost of relicbr the Bewitcher, an adept SpDe of Dithmenos (Swamp:3)
  Roxanne (Swamp:2)
  The ghost of Rudyous the Arsonist, an adept DsFE of Vehumet (Swamp:3)
  6 storm dragons
  8 tengu reavers
  9 shadow dragons
  A thorn hunter (Swamp:3)
  Donald (Swamp:2)
  4 revenants
  The ghost of Vodes the Unseen, an adept SpEn of Nemelex Xobeh (Elf:3)
  14 demonspawn warmongers (Pan)
  7 azure jellies (Slime:5)
  The ghost of Voejil the Executioner, a journeyman MiFi of Okawaru (Swamp:3)
  A fenstrider witch (Swamp:3)
  A daeva (Abyss:7)
  12 vault wardens
  22 fire giants
  8 deep elf sorcerers
  9 rockslimes
  An imperial myrmidon (Desolation)
  7 frost giants
  6 iron dragons
  10 emperor scorpions
  Louise (Spider:1)
  A juggernaut zombie (Crypt:3)
  A draconian shifter (Depths:4)
  6 curse skulls
  8 ghost moths
  31 balrugs
  11 cacodemons
  The ghost of juan097 the Markstengu, a journeyman TeHu of the Shining One (Swamp:1)
  2 draconian annihilators (Pan)
  11 ghouls
  7 quicksilver oozes
  13 reapers
  2 draconian stormcallers
  7 deep elf elementalists (Elf:3)
  7 spriggan defenders
  A quicksilver ooze (shapeshifter) (Vaults:5)
  A caustic shrike skeleton (Crypt:3)
  5 demonspawn blood saints (Pan)
  29 very ugly things
  5 ironbound thunderhulks
  26 ironbound preservers
  16 demonspawn corrupters
  15 stone giants
  7 war gargoyles
  A broodmother (Spider:1)
  12 vampire knights
  A green draconian (Depths:4)
  11 deep elf demonologists
  11 dire elephants
  3 eleionomae
  A purple draconian (Depths:4)
  A starflower (Abyss:7)
  6 demonspawn black suns (Pan)
  4 halazid warlocks (Desolation)
  13 deep elf annihilators
  A minotaur (Gauntlet)
  5 bunyips
  A yellow draconian (Depths:4)
  17 lorocyprocas
  11 ettins
  3 crystal guardians
  5 eidola
  3 iron golems (Hell)
  23 blizzard demons
  12 deep elf death magi
  29 green deaths
  8 jiangshi
  9 ragged hierophants (Desolation)
  6 deep elf high priests
  An ettin (shapeshifter) (Vaults:5)
  4 entropy weavers
  12 fire dragons
  3 shambling mangroves
  12 yaktaur captains
  21 hydras
  A quicksilver dragon skeleton (Crypt:3)
  19 salamander tyrants
  26 vault guards
  5 servants of whispers (Desolation)
  Fannar (Orc:1)
  15 great orbs of eyes
  12 ice dragons
  6 rakshasas
  6 hell beasts
  An ogre mage (Vaults:5)
  4 peacekeepers
  2 radroaches
  5 spriggan air magi
  3 catoblepae
  A merfolk avatar (Lair:5)
  2 jorogumos (Spider:4)
  8 ironbound frosthearts
  2 ghost crabs (Swamp:2)
  A merfolk aquamancer (WizLab)
  3 death knights
  2 spriggan skeletons
  Erolcha (D:13)
  An anaconda (shapeshifter) (Elf:1)
  10 two-headed ogres
  8 stokers
  5 centaur warriors
  31 dancing weapons
  14 boulder beetles
  6 deep troll shamans
  3 alligators
  55 hell hogs
  An orc high priest (Orc:1)
  7 spriggan berserkers
  A naga warrior (Abyss:2)
  7 vampire magi
  14 death yaks
  5 tengu warriors
  4 deep troll earth magi
  19 soul eaters
  2 titan zombies
  36 thrashing horrors
  7 hell knights
  16 spriggans
  A storm dragon zombie (D:15)
  A skyshark (shapeshifter) (Abyss:3)
  2 salamander mystics (Depths:3)
  2 sun moths
  20 sixfirhies
  2 skysharks
  34 sun demons
  A titan skeleton (Crypt:3)
  4 spatial maelstroms
  A fire crab (Gauntlet)
  15 deep elf knights
  26 skeletal warriors
  16 wretched stars
  8 glowing orange brains
  7 shadow wraiths
  A glowing orange brain (shapeshifter) (Abyss:4)
  11 iron trolls
  7 pharaoh ants
  3 sea snakes (Lair:5)
  6 goliath frogs
  25 shadow demons
  An obsidian statue (Swamp:3)
  65 deep trolls
  A death drake (Abyss:4)
  An orange crystal statue (IceCv)
  9 swamp dragons
  12 orb spiders
  4 steelbarb worms
  A sea snake (shapeshifter) (Abyss:5)
  9 deep elf archers
  6 flayed ghosts
  7 bog bodies
  15 wizards
  67 starcursed masses
  A bunyip skeleton (Crypt:2)
  A kraken simulacrum (Hell)
  5 spriggan druids
  15 ironbound convokers
  6 harpies
  A tengu zombie (D:15)
  21 deep elf zephyrmancers
  18 phantasmal warriors
  13 lindwurms
  A shining eye (shapeshifter) (Vaults:5)
  7 orc knights
  6 necromancers
  26 deep elf pyromancers
  A mana viper (Abyss:3)
  A wolf spider (shapeshifter) (Abyss:7)
  7 cyclopes
  6 manticores
  17 wolf spiders
  2 orc sorcerers
  7 salamanders (Depths:3)
  4 shining eyes
  9 worldbinders
  66 ugly things
  7 will-o-the-wisps
  3 moths of wrath
  34 elephants
  2 ice statues (Hell)
  An apocalypse crab (Abyss:5)
  A guardian serpent (shapeshifter) (Depths:2)
  8 rust devils
  5 black mambas
  5 guardian serpents
  13 molten gargoyles
  A shock serpent zombie (Crypt:1)
  Maurice (D:7)
  2 gargoyles
  A centaur zombie (Crypt:3)
  A naga mage (Abyss:2)
  3 eyes of devastation
  13 demonic crawlers
  21 vault sentinels
  13 cane toads
  4 torpor snails
  A pale draconian zombie (Crypt:2)
  A centaur skeleton (Crypt:3)
  A death yak zombie (Crypt:2)
  Psyche (D:8)
  86 smoke demons
  2 kobold demonologists
  An unseen horror (D:11)
  A sea snake zombie (Hell)
  6 storm dragon simulacra (IceCv)
  4 ice devils
  8 orange demons
  3 rime drakes
  A komodo dragon (shapeshifter) (Vaults:5)
  22 yaktaurs
  3 tengu conjurers
  9 freezing wraiths
  11 hellions
  10 komodo dragons
  2 green draconian skeletons (Crypt:1)
  16 tormentors
  An anaconda simulacrum (Hell)
  12 ancient zymes
  4 red devils
  A bloated husk (Swamp:4)
  5 catoblepas skeletons (Abyss:4)
  A purple draconian skeleton (Crypt:1)
  5 golden dragon simulacra (IceCv)
  4 trolls
  2 silent spectres
  A troll (shapeshifter) (Vaults:5)
  A harpy zombie (Crypt:3)
  9 polar bears
  7 tyrant leeches
  16 hellwings
  4 hydra zombies (Hell)
  25 hornets
  38 blink frogs
  41 saltlings (Desolation)
  25 tarantellas
  Grinder (D:6)
  43 large abominations
  17 dream sheep
  20 raiju
  The ghost of Adrian566 the Covert, an amateur OpBr (D:4)
  3 harpy skeletons
  3 alligator zombies (Hell)
  A guardian serpent zombie (Crypt:3)
  A jumping spider (shapeshifter) (Abyss:5)
  4 flying skulls
  A centaur simulacrum (D:15)
  23 jumping spiders
  A human simulacrum (Hell)
  A snapping turtle (Lair:5)
  An ice dragon skeleton (Crypt:2)
  101 slime creatures
  Sigmund (D:3)
  An ettin skeleton (Hell)
  5 air elementals
  31 culicivoras
  A spriggan (shapeshifter) (D:15)
  A dire elephant simulacrum (Crypt:3)
  31 ynoxinuls
  12 water elementals
  9 shadows
  An alligator skeleton (Crypt:1)
  2 vampires
  10 wraiths
  A yak (shapeshifter) (Elf:1)
  3 fire elementals
  36 chaos spawn
  4 golden eyes
  A wyvern (Lair:1)
  6 hogs (Swamp:3)
  9 fire bats
  4 steam dragons
  23 yaks
  8 basilisks
  A fire dragon skeleton (Crypt:3)
  67 redbacks
  16 neqoxecs
  A human zombie (D:15)
  14 vampire mosquitoes
  A death yak simulacrum (Lair:4)
  3 nagas (Abyss:2)
  A naga skeleton (Crypt:3)
  Edmund (D:4)
  2 acid dragons
  6 wargs
  15 swamp worms
  A faun zombie (Crypt:2)
  9 hell hounds
  A water nymph zombie (Crypt:3)
  39 orc warriors
  24 water moccasins
  Duvessa (D:7)
  2 floating eyes (Depths:3)
  A sky beast (D:7)
  An elephant zombie (Crypt:3)
  3 ice beasts (D:8)
  2 ice dragon simulacra (IceCv)
  A boggart (shapeshifter) (Vaults:5)
  17 wolves
  8 ogres
  23 centaurs
  2 kobold brigands
  15 bullfrogs
  16 small abominations
  2 gnoll sergeants
  5 necrophages
  18 earth elementals
  3 scorpions
  A cyclops skeleton (Crypt:3)
  A two-headed ogre simulacrum (Lair:4)
  14 wights
  Dowan (D:7)
  8 killer bees
  7 vampire bats (Bailey)
  6 lindwurm simulacra (IceCv)
  8 howler monkeys
  3 wolf zombies (Bailey)
  3 electric eels
  A crimson imp (Pan)
  2 jellies
  21 orc priests
  A gnoll bouda (D:4)
  5 hounds
  Jessica (D:2)
  A human skeleton (D:8)
  3 iguanas
  Terence (D:3)
  A sleepcap (D:4)
  25 orc wizards
  A boggart zombie (Crypt:3)
  13 hell rats
  3 spriggan simulacra
  A troll simulacrum (Lair:4)
  A deep dwarf skeleton (Crypt:2)
  A killer bee simulacrum (D:8)
  17 gnolls
  8 adders
  9 white imps
  4 ufetubi
  An iguana skeleton (Crypt:1)
  A worm (D:2)
  7 dart slugs
  96 orcs
  10 endoplasms
  2 giant cockroaches
  11 goblins
  5 hobgoblins
  18 kobolds
  A quokka (D:2)
  8 ball pythons
  A ball python skeleton (Crypt:1)
  5 bats
  A dart slug zombie (Crypt:2)
  2 frilled lizards
  A kobold skeleton (Crypt:3)
  20 orc zombies (Bailey)
  A quokka skeleton (Crypt:2)
  4 rats
  A rat skeleton (Crypt:2)
  A ball lightning (Pan)
  A bush (Lair:4)
  2 creeping infernos
  30 fire vortices
  2 lurking horrors
  2 pillars of salt (Abyss:7)
  3 spectral weapons
  38 starspawn tentacles
  A tentacle (Hell)
3554 creatures vanquished.

Vanquished Creatures (collateral kills)
  Rupert (D:15)
  A tentacled monstrosity (Swamp:3)
  A searing wretch (Geh:7)
  A balrug (Geh:7)
  A ghost moth (Pan)
  A deep elf annihilator (Elf:3)
  A shambling mangrove (Swamp:3)
  2 ice dragons (IceCv)
  Nergalle (D:10)
  Lodul (D:10)
  A smoke demon (Pan)
  A molten gargoyle (Geh:7)
  A hellion (Pan)
  An unseen horror (D:10)
  An orc warrior (D:10)
  An ice dragon simulacrum (IceCv)
  3 ogres (D:10)
  A lindwurm simulacrum (IceCv)
  An orc priest (D:10)
  2 orc wizards (D:10)
  An orc (D:10)
  A fire vortex (Geh:7)
26 creatures vanquished.

Vanquished Creatures (others)
  A fire giant (Geh:5)
  A balrug (Geh:3)
  A demonspawn black sun (Pan)
  2 spriggans
  A glowing orange brain (Abyss:7)
  A molten gargoyle (Geh:7)
  3 bloated husks
  2 hornets
  A tarantella (Spider:4)
  A saltling (Desolation)
  A fire bat (Abyss:4)
  A redback (Spider:4)
  2 orcs
  5 ball lightnings (Pan)
  A bush (Lair:5)
  4 creeping infernos
  A demonic plant (Abyss:7)
  6 fire vortices
  19 foxfires
  32 fungi
  2 lurking horrors (Abyss:5)
  A pillar of salt (Abyss:7)
  94 plants
  56 spectral weapons
  54 starspawn tentacles
  3 tentacles (Hell)
  2 withered plants (D:15)
298 creatures vanquished.

Grand Total: 3878 creatures vanquished

Notes
Turn   | Place    | Note
-------+----------+-------------------------------------------
     0 | D:1      | pokedragonboy the Hill Orc Fighter began the quest for the
                  | Orb.
     0 | D:1      | Reached XP level 1. HP: 19/19 MP: 1/1
   112 | D:1      | Reached skill level 1 in Invocations
   112 | D:1      | Reached XP level 2. HP: 22/27 MP: 2/2
   351 | D:1      | Reached XP level 3. HP: 29/33 MP: 4/4
   782 | D:1      | Reached XP level 4. HP: 37/40 MP: 5/5
   979 | D:2      | Noticed Jessica
   993 | D:2      | Killed Jessica
  1239 | D:2      | Reached XP level 5. HP: 46/46 MP: 7/7
  1743 | D:3      | Found Ejiokap's Antique Weapon Boutique.
  1758 | D:3      | Found Hawoseubb's Antique Weapon Shop.
  1819 | D:3      | Noticed Sigmund
  1830 | D:3      | Killed Sigmund
  1831 | D:3      | Reached skill level 5 in Axes
  1831 | D:3      | Reached XP level 6. HP: 29/53 MP: 7/9
  2054 | D:3      | Found a snail-covered altar of Cheibriados.
  2150 | D:3      | Found Zutufawa's Weapon Emporium.
  2166 | D:3      | Noticed Terence
  2180 | D:3      | Killed Terence
  2211 | D:3      | Found Baxurruf's Jewellery Shop.
  2215 | D:3      | Found Notuninoech's Book Emporium.
  2557 | D:4      | Found a runed translucent door.
  2557 | D:4      | Noticed Adrian566's ghost (amateur OpBr)
  2701 | D:4      | Reached XP level 7. HP: 19/60 MP: 10/10
  2885 | D:4      | Reached skill level 5 in Invocations
  2996 | D:4      | Found a shadowy altar of Dithmenos.
  3076 | D:4      | Noticed Edmund
  3096 | D:4      | Killed Edmund
  3097 | D:4      | Reached skill level 5 in Fighting
  3794 | D:5      | Entered Level 5 of the Dungeon
  3805 | D:5      | Found a staircase to the Ecumenical Temple.
  3839 | Temple   | Entered the Ecumenical Temple
  3996 | Temple   | Became a worshipper of the Shining One
  4454 | D:5      | Reached XP level 8. HP: 45/69 MP: 12/12
  4548 | D:5      | Reached skill level 5 in Armour
  4556 | D:5      | Found a blossoming altar of Fedhas.
  5321 | D:6      | Reached * piety under the Shining One
  5735 | D:6      | Reached XP level 9. HP: 78/78 MP: 15/15
  5924 | D:6      | Noticed Grinder
  5924 | D:6      | Paralysed by Grinder for 3 turns
  5936 | D:6      | Paralysed by Grinder for 5 turns
  5947 | D:6      | Paralysed by Grinder for 2 turns
  5951 | D:6      | Killed Grinder
  6244 | D:7      | Noticed Duvessa
  6247 | D:7      | Noticed Dowan
  6254 | D:7      | Killed Dowan
  6255 | D:7      | Killed Duvessa
  6498 | D:7      | Found a runed translucent door.
  6601 | D:7      | Noticed a sixfirhy
  6744 | D:8      | Noticed a polar bear
  6744 | D:8      | Noticed Maurice
  6756 | D:7      | Killed Maurice
  6757 | D:7      | Reached skill level 10 in Axes
  6791 | D:7      | Killed a polar bear
  7045 | D:8      | Reached skill level 10 in Invocations
  7051 | D:8      | Reached XP level 10. HP: 86/86 MP: 17/17
  7065 | D:8      | Reached ** piety under the Shining One
  7071 | D:8      | Identified the +2 flail "Dojan" {freeze, rPois rC+ Int+2}
  7605 | D:8      | Found a runed translucent door.
  7607 | D:8      | Found a basalt altar of Yredelemnul.
  7641 | D:8      | Noticed Psyche
  8645 | D:8      | Noticed a boulder beetle
  8654 | D:8      | Killed a boulder beetle
  9084 | D:8      | Killed Psyche
  9187 | D:9      | Found a flagged portal.
  9194 | Bailey   | Entered a bailey
  9236 | Bailey   | Reached *** piety under the Shining One
  9270 | Bailey   | Reached **** piety under the Shining One
  9335 | Bailey   | Identified the +0 crystal plate armour of Zin's Anger {rF-
                  | Int+2 Dex+5}
  9384 | Bailey   | Noticed a gargoyle
  9389 | Bailey   | Killed a gargoyle
  9390 | Bailey   | Reached XP level 11. HP: 75/95 MP: 20/20
  9503 | Bailey   | Identified the +3 helmet "Earthly Heaven" {Str+2 Dex+3}
  9575 | D:9      | Reached ***** piety under the Shining One
  9887 | D:9      | Found a stormy altar of Qazlal.
 10210 | D:10     | Entered Level 10 of the Dungeon
 10214 | D:10     | Noticed a tengu warrior
 10220 | D:10     | Killed a tengu warrior
 10280 | D:10     | Found the +18 Lear's hauberk
 10316 | D:10     | Found a staircase to the Lair.
 10318 | D:10     | Identified a scroll of acquirement
 10318 | D:10     | Acquired the amulet of Hanlem {RegenMP rPois rCorr Dex+3
                  | Slay+3}
 10343 | D:10     | Noticed a two-headed ogre
 10351 | D:10     | Killed a two-headed ogre
 10375 | D:10     | Noticed Nergalle
 10377 | D:10     | Noticed Lodul
 10386 | D:10     | Killed Lodul
 10388 | D:10     | Killed Nergalle
 10639 | D:10     | Found an ornate altar of the Wu Jian Council.
 10644 | D:10     | Identified the amulet of Oquprorherph {Faith -Cast rPois
                  | rCorr SInv}
 10684 | D:10     | Found a staircase to the Orcish Mines.
 10713 | D:10     | Found a roughly hewn altar of Beogh.
 11124 | D:10     | Reached XP level 12. HP: 106/106 MP: 22/22
 11364 | D:11     | Noticed a two-headed ogre
 11369 | D:11     | Killed a two-headed ogre
 11370 | D:11     | Reached skill level 10 in Fighting
 11722 | D:11     | Noticed a two-headed ogre
 11727 | D:11     | Killed a two-headed ogre
 12161 | D:12     | Noticed a four-headed hydra
 12171 | D:12     | Killed a four-headed hydra
 12172 | D:12     | Reached skill level 15 in Axes
 12498 | D:12     | Reached skill level 15 in Invocations
 12641 | D:12     | Noticed a catoblepas
 12654 | D:12     | Killed a catoblepas
 13050 | Lair:1   | Entered Level 1 of the Lair of Beasts
 13168 | D:3      | Bought an ebony battleaxe for 322 gold pieces
 13168 | D:3      | Identified the +2 battleaxe of the Living Dead {drain,
                  | Str+7 Dex+6} (You bought it in a shop on level 3 of the
                  | Dungeon)
 13426 | Lair:1   | Reached skill level 10 in Armour
 13511 | Lair:1   | Reached XP level 13. HP: 93/116 MP: 24/24
 14642 | Lair:2   | Found a large runed translucent door.
 14642 | Lair:2   | Found a large runed translucent door.
 14644 | Lair:2   | Noticed BlueFalcon's ghost (journeyman DsGl)
 15885 | Lair:3   | Found a hole to the Spider Nest.
 15890 | Lair:3   | Reached XP level 14. HP: 126/126 MP: 26/26
 16173 | Lair:3   | Reached ****** piety under the Shining One
 16857 | Lair:3   | Found a staircase to the Swamp.
 17146 | Lair:4   | Identified the +1 flail of Perfectionism {venom, *Slow rC+
                  | Int+2}
 17365 | Lair:4   | You fall into a shaft and drop 1 floor!
 17365 | Lair:5   | Entered Level 5 of the Lair of Beasts
 17407 | Lair:5   | Reached XP level 15. HP: 49/136 MP: 28/28
 17742 | Lair:4   | Found a viscous altar of Jiyva.
 17742 | Lair:4   | Found a staircase to the Slime Pits.
 19588 | Lair:5   | Identified the +1 ring mail of Coacen {Harm rF+}
 19679 | Lair:5   | Identified the +2 rapier "Evvedo" {protect, rN+}
 20469 | D:12     | Found Dutteschu's Assorted Antiques.
 20575 | D:13     | Found a gate leading to a gauntlet.
 20585 | D:13     | Noticed Erolcha
 20596 | D:13     | Killed Erolcha
 20603 | Gauntlet | Entered a Gauntlet
 20603 | Gauntlet | Found a transporter.
 20603 | Gauntlet | Found a transporter.
 20607 | Gauntlet | Found a transporter.
 20607 | Gauntlet | Found a transporter.
 20609 | Gauntlet | Found a large runed translucent door.
 20610 | Gauntlet | Found a large runed translucent door.
 20611 | Gauntlet | Found a large runed translucent door.
 20611 | Gauntlet | Found a large runed translucent door.
 20611 | Gauntlet | Found a runed translucent door.
 20645 | Gauntlet | Found a large runed translucent door.
 20645 | Gauntlet | Found a runed translucent door.
 20646 | Gauntlet | Found a large runed translucent door.
 20646 | Gauntlet | Found a large runed translucent door.
 20646 | Gauntlet | Found a large runed translucent door.
 20647 | Gauntlet | Found a large runed translucent door.
 20648 | Gauntlet | Found a transporter.
 20648 | Gauntlet | Found a large runed translucent door.
 20661 | Gauntlet | Found a large runed translucent door.
 20661 | Gauntlet | Found a large runed translucent door.
 20662 | Gauntlet | Found a large runed translucent door.
 20662 | Gauntlet | Found a large runed translucent door.
 20662 | Gauntlet | Found a large runed translucent door.
 20662 | Gauntlet | Found a large runed translucent door.
 20665 | Gauntlet | Found a runed translucent gate.
 20665 | Gauntlet | Found a runed translucent gate.
 20665 | Gauntlet | Found a runed translucent gate.
 20667 | Gauntlet | Found a transporter.
 20677 | Gauntlet | Found a transporter.
 20677 | Gauntlet | Found a transporter.
 20678 | Gauntlet | Found the +3 pair of seven-league boots {Rampage+∞}
 20683 | Gauntlet | Found a transporter.
 20712 | Gauntlet | Found a transporter.
 20719 | Gauntlet | Found a transporter.
 20737 | Gauntlet | Found a transporter.
 20783 | Gauntlet | Found a transporter.
 20797 | Gauntlet | Found a transporter.
 20900 | Gauntlet | Found a transporter.
 20914 | Gauntlet | Found a transporter.
 21059 | Gauntlet | Identified the +2 hat "Fuoj Nay" {Str+2 Dex+3}
 21153 | Gauntlet | Identified the +2 helmet "Vaemat" {rElec rPois Int+3 Dex+3}
 21209 | Gauntlet | Identified the +4 pair of boots of the Bells {rF++}
 21793 | D:13     | Reached XP level 16. HP: 147/147 MP: 30/30
 21826 | D:13     | Found a gate to the Vaults.
 22339 | D:14     | Reached skill level 15 in Fighting
 22708 | D:14     | Identified the +0 chain mail of Qecwutay {Fly MP+9 Int+2}
 22807 | D:15     | Entered Level 15 of the Dungeon
 22811 | D:15     | Found a staircase to the Depths.
 23015 | D:15     | Noticed Rupert
 23023 | D:15     | Paralysed by Rupert for 2 turns
 23056 | D:15     | Killed Rupert
 23798 | Orc:1    | Entered Level 1 of the Orcish Mines
 23803 | Orc:1    | Noticed Fannar
 23823 | Orc:1    | Killed Fannar
 23908 | Orc:1    | Found Puzy's Antique Armour Boutique.
 24293 | Orc:2    | Entered Level 2 of the Orcish Mines
 24418 | Orc:2    | Found Laoted's Specific Store.
 24420 | Orc:2    | Found Qiqipyolya's General Store.
 24461 | Orc:2    | Found a staircase to the Elven Halls.
 24532 | Orc:2    | Found Aptotwiy's General Store.
 24532 | Orc:2    | Found Maqoror's Antique Armour Emporium.
 24538 | Orc:2    | Found Piutuydi's Assorted Antiques.
 24543 | Orc:2    | Found Daeby's Antique Weapon Boutique.
 24588 | Orc:2    | Bought a pair of glowing gloves for 217 gold pieces
 24855 | Orc:2    | Found a burning altar of Makhleb.
 25304 | Spider:1 | Entered Level 1 of the Spider Nest
 25568 | Spider:1 | Noticed Louise
 25593 | Spider:1 | Killed Louise
 25715 | Spider:1 | Reached XP level 17. HP: 158/158 MP: 32/32
 25742 | Spider:1 | Reached skill level 1 in Evocations
 25782 | Spider:1 | Reached skill level 1 in Dodging
 26464 | Spider:1 | Found a transporter.
 26466 | Spider:1 | Found a transporter.
 26652 | Spider:2 | Reached skill level 15 in Armour
 27566 | Spider:3 | Noticed Mara
 27573 | Spider:3 | Killed Mara
 28530 | Spider:4 | Entered Level 4 of the Spider Nest
 28748 | Spider:4 | Found a runed translucent door.
 28751 | Spider:4 | Found a shimmering altar of Xom.
 28751 | Spider:4 | Noticed cheesebisquit's ghost (adept TrFi)
 28752 | Spider:4 | Identified the +4 demon trident of the Reaper {chaos, rC+
                  | SInv}
 28756 | Spider:4 | Reached XP level 18. HP: 93/168 MP: 34/34
 29541 | Spider:4 | Reached skill level 5 in Evocations
 29717 | Spider:4 | Got a gossamer rune of Zot
 30158 | Swamp:1  | Entered Level 1 of the Swamp
 30472 | Swamp:1  | Found a transporter.
 30511 | Swamp:1  | Noticed juan097's ghost (journeyman TeHu)
 30520 | Swamp:1  | Found a bloodstained altar of Trog.
 30573 | Swamp:1  | Found a transporter.
 30862 | Swamp:2  | Noticed Donald
 30867 | Swamp:2  | Killed Donald
 31659 | Swamp:1  | Killed juan097's ghost
 31669 | Swamp:1  | HP: 7/169 [spriggan defender/+1 morningstar of flaming (3)]
 31671 | Swamp:1  | The Shining One protects you from harm!
 31978 | Swamp:1  | Identified the +2 helmet of an ossuary {rPois Will+ Str+3
                  | Int-2}
 32039 | Swamp:2  | Identified Roxanne's Compendium of Bedrock
 32039 | Swamp:2  | Noticed Roxanne
 32046 | Swamp:2  | Killed Roxanne
 32392 | Swamp:2  | Noticed a tentacled monstrosity
 32412 | Swamp:2  | Killed a tentacled monstrosity
 32576 | Swamp:3  | Found a transporter.
 32591 | Swamp:3  | Noticed a tentacled monstrosity
 32594 | Swamp:3  | Found a transporter.
 32651 | Swamp:3  | Killed a tentacled monstrosity
 32652 | Swamp:3  | Reached skill level 5 in Dodging
 32661 | Swamp:3  | Reached XP level 19. HP: 114/177 MP: 22/35
 32852 | Swamp:3  | Noticed a tentacled monstrosity
 32858 | Swamp:3  | Killed a tentacled monstrosity
 32875 | Swamp:3  | Identified the +0 robe of Baces {rF++ rCorr Str-2 Dex+2}
 33052 | Swamp:3  | Noticed Kirke
 33064 | Swamp:3  | Killed Kirke
 33229 | Swamp:3  | Found a runed translucent gate.
 33231 | Swamp:3  | Found a runed translucent gate.
 33231 | Swamp:3  | Found a runed translucent gate.
 33232 | Swamp:3  | Noticed relicbr's ghost (adept SpDe)
 33232 | Swamp:3  | Noticed Voejil's ghost (journeyman MiFi)
 33232 | Swamp:3  | Noticed bigduke15's ghost (adept GrEE)
 33233 | Swamp:3  | Noticed Rudyous's ghost (adept DsFE)
 33233 | Swamp:3  | Noticed Eboth's ghost (adept GnFi)
 33490 | Swamp:3  | Killed bigduke15's ghost
 33494 | Swamp:3  | Killed Rudyous's ghost
 33496 | Swamp:3  | Killed relicbr's ghost
 33498 | Swamp:3  | Killed Eboth's ghost
 33500 | Swamp:3  | Killed Voejil's ghost
 33537 | Swamp:3  | Identified the staff of cold "Toonaq" {rC+ Str+7}
 33980 | Swamp:4  | Entered Level 4 of the Swamp
 34284 | Swamp:4  | Found a frozen archway.
 34321 | IceCv    | Entered an ice cave
 34432 | IceCv    | Noticed a golden dragon
 34441 | IceCv    | Killed a golden dragon
 34494 | IceCv    | Identified the ring "Buesodoi" {Wiz Drain Will+ Str+4
                  | Slay+3}
 36371 | Swamp:4  | Got a decaying rune of Zot
 36995 | Elf:1    | Entered Level 1 of the Elven Halls
 37129 | Elf:1    | Found Bauriumu's Book Shop.
 37174 | Elf:1    | Paralysed by an air elemental for 1 turns
 37235 | Elf:1    | Paralysed by an air elemental for 1 turns
 37336 | Elf:1    | Found Udiuthryss's Armour Emporium.
 37486 | Elf:1    | Reached XP level 20. HP: 188/188 MP: 37/37
 37662 | Elf:1    | Found Juasomm's Antique Weapon Emporium.
 37691 | Elf:1    | Paralysed by an air elemental for 1 turns
 37719 | Elf:1    | Found Qaclodon's Antique Armour Shop.
 37803 | Elf:1    | Found a runed translucent gate.
 37803 | Elf:1    | Found a runed translucent gate.
 37803 | Elf:1    | Found a runed translucent gate.
 37803 | Elf:1    | Found a runed translucent gate.
 37803 | Elf:1    | Found a runed translucent gate.
 37806 | Elf:1    | Found a runed translucent gate.
 38425 | Elf:1    | Acquired a +2 antimagic executioner's axe
 39364 | Elf:2    | Found a runed translucent gate.
 39364 | Elf:2    | Found a runed translucent gate.
 39364 | Elf:2    | Found a runed translucent gate.
 39366 | Elf:2    | Noticed roninjake's ghost (adept DsFi)
 39366 | Elf:2    | Noticed Heg Cuhi's ghost (adept MiFi)
 39367 | Elf:2    | Noticed Piot's ghost (adept DsFi)
 39367 | Elf:2    | Noticed Myrud's ghost (adept HOFi)
 39434 | Elf:2    | Found Bexkosmuisao's Assorted Antiques.
 39555 | Elf:2    | Found a runed translucent door.
 39579 | Elf:2    | Found a runed translucent door.
 40015 | Elf:2    | Reached skill level 27 in Invocations
 40267 | Elf:3    | Entered Level 3 of the Elven Halls
 40311 | Abyss:2  | Cast into level 2 of the Abyss (a deep elf demonologist)
 40312 | Abyss:2  | Identified a +4 executioner's axe of holy wrath (a +2
                  | antimagic executioner's axe blessed by the Shining One)
 40312 | Abyss:2  | Received a gift from the Shining One
 40358 | Abyss:2  | Noticed an ancient lich
 40597 | Elf:3    | Escaped the Abyss
 40857 | Elf:3    | Identified the ring "Xikad" {Fly Str+5}
 41256 | Elf:3    | Found a runed translucent door.
 41256 | Elf:3    | Noticed Vodes's ghost (adept SpEn)
 41264 | Elf:3    | Reached XP level 21. HP: 196/198 MP: 38/38
 41284 | Elf:3    | Killed Vodes's ghost
 41542 | Elf:3    | Identified the +9 plate armour of the Harvest {rF+}
 41624 | Elf:3    | Identified the amulet "Suimp" {Reflect Will+ SH+5}
 41790 | Elf:3    | Identified the +7 halberd of Calamity {drain, rPois Str+2
                  | Dex+3}
 41790 | Elf:3    | Identified the ring of Kopnaeta {*Corrode rC+ MP+9 Int+8
                  | Stlth+}
 42009 | Elf:3    | Identified the +4 broad axe of Uwoiss {heavy, Will+ Int+3
                  | Stlth+}
 42094 | Elf:3    | Identified the +0 quarterstaff "Feaw" {heavy, Will+ rCorr}
 42385 | Elf:3    | Identified the +1 plate armour "Bewok" {*Corrode Int+4}
 42541 | Elf:3    | Found the +10 Black Knight's barding {ponderous, rPois rN+}
 42840 | Lair:1   | Upgraded the game from 0.30-a0-1112-gfb780f5df6 to
                  | 0.30-a0-1116-gebefce21f7
 43413 | Elf:3    | Acquired the +3 Mad Mage's Maulers {Infuse+∞ VampMP -Cast}
 43413 | Elf:3    | Found the +3 Mad Mage's Maulers {Infuse+∞ VampMP -Cast}
 43731 | Depths:1 | Entered Level 1 of the Depths
 43731 | Depths:1 | Found a one-way gate to the infinite horrors of the Abyss.
 43760 | Depths:1 | Found a gateway to Hell.
 43762 | Depths:1 | Noticed the Enchantress
 43773 | Depths:1 | Killed the Enchantress
 44174 | Depths:1 | Found a glowing golden altar of the Shining One.
 44288 | Depths:1 | Noticed Sojobo
 44293 | Depths:1 | Killed Sojobo
 44477 | Depths:1 | Found a one-way gate leading to the halls of Pandemonium.
 44477 | Depths:1 | Gained mutation: You have hidden genetic defects. [a
                  | neqoxec]
 44480 | Depths:1 | Gained mutation: Potions are less effective at restoring
                  | your health. [a neqoxec]
 44578 | Depths:1 | Found a one-way gateway to a ziggurat.
 44953 | Depths:2 | Reached XP level 22. HP: 207/209 MP: 3/39
 44985 | Depths:2 | Gained mutation: Your body sometimes deteriorates upon
                  | taking damage. [hidden defects]
 44999 | Depths:2 | Lost mutation: You have hidden genetic defects. [potion of
                  | mutation]
 44999 | Depths:2 | Lost mutation: Your body sometimes deteriorates upon taking
                  | damage. [potion of mutation]
 44999 | Depths:2 | Gained mutation: Your skin changes colour to match your
                  | surroundings (Stealth+). [potion of mutation]
 45097 | Depths:2 | Noticed a caustic shrike
 45100 | Depths:2 | Killed a caustic shrike
 45165 | Depths:2 | Found the +3 robe of Clouds {*Thunder rCloud rElec}
 45339 | Depths:2 | Found a portal to a secret trove of treasure.
 45419 | Trove    | Entered a treasure trove
 45464 | Trove    | I am a fucking idiot who just entered a trove with 1 open
                  | inventory slot
 45490 | Trove    | Identified the +2 helmet "Paebrios" {Int+4}
 45492 | Trove    | Identified the +2 hat of Tulips {rF+}
 45495 | Trove    | Identified the +1 hat "Iphepof" {Drain rPois rF+ rC+}
 45535 | Trove    | Identified the orb of the Lich-sworn {mayhem, -Tele rF+ rC+
                  | Stlth+}
 45593 | Depths:2 | Actually it's fine, the trove was absolutely worthless
                  | anyways
 46063 | Depths:2 | Identified the +7 dagger of Zanoir {freeze, rPois rN+}
 46520 | Depths:3 | Noticed a caustic shrike
 46530 | Depths:3 | Killed a caustic shrike
 46913 | Depths:3 | Noticed a golden dragon
 46918 | Depths:3 | Killed a golden dragon
 47107 | Depths:3 | Noticed a golden dragon
 47108 | Depths:3 | Killed a golden dragon
 47125 | Depths:3 | Identified the +7 whip "Eveikh" {spect, rN++ Str+4 Int-4}
 47547 | Depths:3 | Found the +7 great mace "Firestarter" {flame, immolate,
                  | rFlCloud rF++}
 47552 | Depths:3 | Identified the +9 fire dragon scales of Roinuuc {rF++ rC-
                  | rN+ Str+3}
 47832 | Depths:3 | Found an ornate altar of the Wu Jian Council.
 48051 | Depths:3 | Found a runed translucent door.
 48051 | Depths:3 | Noticed Osilorir's ghost (veteran MfMo)
 48062 | Depths:3 | Reached skill level 10 in Dodging
 48083 | Depths:3 | Found Wag Naseje's Book Shoppe.
 48362 | Depths:3 | Found a runed translucent door.
 48365 | Depths:3 | Noticed Osilorir's ghost (veteran MfMo)
 48365 | Depths:3 | Noticed a golden dragon
 48471 | Depths:4 | Entered Level 4 of the Depths
 48603 | Depths:4 | Found a magical portal.
 48647 | WizLab   | Entered Alistair's Party Mansion
 48696 | WizLab   | Reached XP level 23. HP: 220/222 MP: 2/40
 49190 | WizLab   | Got Zimmueno's Spellbook of Shaping
 49254 | WizLab   | Got Kysiamohi's Secrets of the Adder and the Gestalt
 49440 | Depths:4 | Acquired the ring "Kytoligi" {Fire Fly rElec Will+ Int-3}
 49515 | Depths:4 | Reached skill level 1 in Spellcasting
 49975 | Depths:4 | Found a gate to the Realm of Zot.
 50475 | Depths:4 | Found a bloodstained altar of Trog.
 50719 | Vaults:1 | Entered Level 1 of the Vaults
 51286 | Vaults:1 | Found a crumbling gateway.
 51304 | Desolati | Entered the Desolation of Salt
 51414 | Desolati | Got Wisap's Anthology of the Rank Plateau
 51418 | Desolati | Identified the +8 war axe "Killer Klown's Doom" {pain, rC+
                  | Int+2}
 51425 | Desolati | Got Bihiyh's Quarto of the Jinx and Unspeakable Ceremonies
 51528 | Desolati | Identified the ring of Ruilag {rPois rN+}
 51554 | Desolati | Got Idwasin's Octavo of the Bonfire and the Storm
 51644 | Desolati | Got Lacyg's Anthology of Obstruction and Modification
 52080 | Desolati | Found the +0 mask of the Dragon {Will+ Slay+3 SInv}
 52099 | Desolati | Got the Guidebook on Lightning and Nonlocality
 52633 | Vaults:1 | Acquired a manual of Dodging
 52742 | Vaults:1 | Identified the +5 ring mail of the Other Side {Dex+3}
 53179 | Vaults:1 | Reached XP level 24. HP: 235/235 MP: 40/40
 53870 | Vaults:2 | Noticed Asterion
 53877 | Vaults:2 | Killed Asterion
 53904 | Vaults:2 | Reached XP level 25. HP: 223/243 MP: 1/40
 54900 | Vaults:2 | Found Iwiynuoj's General Store.
 55118 | Vaults:2 | Found a staircase to the Crypt.
 55118 | Vaults:2 | Found an ancient bone altar of Kikubaaqudgha.
 55119 | Vaults:2 | Found a basalt altar of Yredelemnul.
 58015 | Vaults:4 | Reached skill level 5 in Spellcasting
 58758 | Vaults:5 | Entered Level 5 of the Vaults
 59031 | Vaults:5 | Reached XP level 26. HP: 179/256 MP: 2/40
 59541 | Vaults:5 | Noticed an ancient lich
 59544 | Vaults:5 | Killed an ancient lich
 59662 | Vaults:5 | Identified the -1 pair of boots "Jojuxtikk" {rF+ rN++}
 59829 | Vaults:5 | Noticed an ancient lich
 59835 | Vaults:5 | Killed an ancient lich
 60007 | Vaults:5 | Identified the +5 battleaxe "Elojai" {venom, rElec}
 60200 | Vaults:5 | Got a silver rune of Zot
 60348 | Vaults:5 | Noticed an ancient lich
 60356 | Vaults:5 | Killed an ancient lich
 60466 | Vaults:5 | Identified the +3 ring mail of Day {Fly}
 61395 | Vaults:5 | Found Iwiynuoj's Antique Weapon Shop.
 61457 | Vaults:5 | Got Esoteric Knowledge of the Archmage
 62241 | Slime:1  | Entered Level 1 of the Pits of Slime
 62242 | Slime:1  | Acquired a manual of Dodging
 63959 | Slime:5  | Entered Level 5 of the Pits of Slime
 63969 | Slime:5  | Gained mutation: You are dopey. (Int -2) [a shining eye]
 63976 | Slime:5  | Noticed the Royal Jelly
 63988 | Slime:5  | Reached XP level 27. HP: 224/269 MP: 2/40
 63988 | Slime:5  | Found a viscous altar of Jiyva.
 63999 | Slime:5  | Killed the Royal Jelly
 64045 | Slime:5  | Identified the +3 leather armour of the Depths {Str+3
                  | Slay+6}
 64047 | Slime:5  | Got a slimy rune of Zot
 64064 | Slime:5  | Got the Papyrus of Terrain and Accelerants
 64070 | Slime:5  | Identified the staff of conjuration "Byntoh" {rCorr Stlth+}
 64144 | Slime:5  | Got the Book of Amassed Impulse
 64151 | Slime:5  | Identified the +10 arbalest of Leawucho {antimagic, rPois}
 64219 | Slime:5  | Identified the +6 scimitar of Fyenkikaif {flame, Int+2
                  | SInv}
 64606 | Slime:5  | Gained mutation: You are weak. (Str -2) [a shining eye]
 64616 | Slime:5  | Lost mutation: Potions are less effective at restoring your
                  | health. [potion of mutation]
 64616 | Slime:5  | Lost mutation: Your skin changes colour to match your
                  | surroundings (Stealth+). [potion of mutation]
 64616 | Slime:5  | Gained mutation: You have large cloven feet. [potion of
                  | mutation]
 64617 | Slime:5  | Lost mutation: You are dopey. (Int -2) [potion of mutation]
 64617 | Slime:5  | Lost mutation: You are weak. (Str -2) [potion of mutation]
 64617 | Slime:5  | Lost mutation: You have large cloven feet. [potion of
                  | mutation]
 64617 | Slime:5  | Gained mutation: Your spells are a little easier to cast,
                  | but a little less powerful. [potion of mutation]
 64617 | Slime:5  | Gained mutation: You are partially covered in iridescent
                  | scales. (AC +2) [potion of mutation]
 64617 | Slime:5  | Lost mutation: Your spells are a little easier to cast, but
                  | a little less powerful. [potion of mutation]
 65215 | Crypt:1  | Entered Level 1 of the Crypt
 65843 | Crypt:1  | Reached skill level 15 in Dodging
 66602 | Crypt:2  | Reached skill level 27 in Armour
 66605 | Crypt:2  | Reached skill level 27 in Fighting
 68108 | Crypt:3  | Entered Level 3 of the Crypt
 68761 | Crypt:3  | Found a staircase to the Tomb.
 68810 | Crypt:3  | Found the +8 demon blade "Leech" {evervamp, Harm Drain rN+}
 68982 | Crypt:3  | Noticed a dread lich
 68982 | Crypt:3  | Noticed an ancient lich
 68986 | Crypt:3  | Noticed an ancient lich
 69460 | Depths:3 | Killed Osilorir's ghost
 69677 | Depths:3 | Killed Osilorir's ghost
 69723 | Depths:3 | Found a runed translucent door.
 69726 | Depths:3 | Noticed Rofut's ghost (adept AtIE)
 69745 | Depths:3 | Killed Rofut's ghost
 69764 | Depths:3 | Identified the ring "Punyezob" {rF+ rC+ Int+2 Dex+3}
 70268 | Depths:3 | Voluntarily entered the Abyss.
 70272 | Abyss:2  | Found a corrupted altar of Lugonu.
 70504 | Abyss:2  | Found a corrupted altar of Lugonu.
 70925 | Abyss:4  | Noticed an ancient lich
 70928 | Abyss:4  | Killed an ancient lich
 71041 | Abyss:4  | Found a corrupted altar of Lugonu.
 71283 | Abyss:4  | Gained mutation: You occasionally shout uncontrollably at
                  | your foes. [a cacodemon]
 71298 | Depths:3 | Escaped the Abyss
 71429 | Depths:3 | Voluntarily entered the Abyss.
 71429 | Abyss:4  | Found a corrupted altar of Lugonu.
 71649 | Abyss:4  | Lost intelligence.
 71659 | Depths:3 | Escaped the Abyss
 71850 | Depths:3 | Voluntarily entered the Abyss.
 72021 | Abyss:4  | Paralysed by accursed screaming for 1 turns
 72030 | Abyss:4  | Gained mutation: Your body sometimes deteriorates upon
                  | taking damage. [a neqoxec]
 72087 | Abyss:4  | Found a corrupted altar of Lugonu.
 72221 | Abyss:4  | Noticed a dread lich
 72226 | Abyss:4  | Killed a dread lich
 72261 | Abyss:4  | Got an abyssal rune of Zot
 72330 | Depths:3 | Escaped the Abyss
 72511 | Hell     | Entered the Vestibule of Hell
 72511 | Hell     | Noticed Geryon
 72520 | Hell     | Reached skill level 27 in Axes
 72533 | Hell     | Killed Geryon
 72588 | Hell     | Found a gateway to the freezing wastes of Cocytus.
 72713 | Hell     | Found a gateway to the decaying netherworld of Tartarus.
 72875 | Hell     | Found a gateway to the ashen valley of Gehenna.
 73028 | Hell     | Found a gateway to the Iron City of Dis.
 73691 | Orc:2    | Bought a scroll of enchant armour for 150 gold pieces
 73990 | Geh:1    | Entered Level 1 of Gehenna
 74432 | Geh:2    | Gained mutation: You occasionally lose the ability to drink
                  | potions when taking damage. [mutagenic glow]
 74438 | Geh:2    | Noticed an ancient lich
 74444 | Geh:2    | Killed an ancient lich
 74452 | Geh:2    | Gained mutation: You sometimes lose the ability to drink
                  | potions when taking damage. [mutagenic glow]
 74530 | Geh:2    | Lost mutation: Your body sometimes deteriorates upon taking
                  | damage. [potion of mutation]
 74530 | Geh:2    | Lost mutation: You occasionally shout uncontrollably at
                  | your foes. [potion of mutation]
 74530 | Geh:2    | Lost mutation: You are partially covered in iridescent
                  | scales. (AC +2) [potion of mutation]
 74530 | Geh:2    | Gained mutation: Your magical capacity is low. (-10% MP)
                  | [potion of mutation]
 74530 | Geh:2    | Gained mutation: You passively map a small area around you.
                  | [potion of mutation]
 76700 | Geh:7    | Entered Level 7 of Gehenna
 76935 | Geh:7    | Noticed the Serpent of Hell
 76953 | Geh:7    | Killed the Serpent of Hell
 77710 | Geh:7    | Found the +13 sceptre of Asmodeus
 77710 | Geh:7    | Noticed Asmodeus
 77719 | Geh:7    | Killed Asmodeus
 77725 | Geh:7    | Got an obsidian rune of Zot
 77826 | Geh:7    | Lost mutation: You passively map a small area around you.
                  | [potion of mutation]
 77826 | Geh:7    | Lost mutation: You sometimes lose the ability to drink
                  | potions when taking damage. [potion of mutation]
 77826 | Geh:7    | Gained mutation: You are agile. (Dex +4, Str/Int -1)
                  | [potion of mutation]
 77826 | Geh:7    | Gained mutation: You are weak. (Str -2) [potion of
                  | mutation]
 77826 | Geh:7    | Gained mutation: You are robust. (+10% HP) [potion of
                  | mutation]
 78336 | Geh:7    | Lost mutation: You are weak. (Str -2) [potion of mutation]
 78336 | Geh:7    | Lost mutation: You are agile. (Dex +4, Str/Int -1) [potion
                  | of mutation]
 78336 | Geh:7    | Gained mutation: You occasionally shout uncontrollably at
                  | your foes. [potion of mutation]
 78336 | Geh:7    | Lost mutation: You are robust. (+10% HP) [potion of
                  | mutation]
 78585 | Geh:7    | Got the Thoughts on Red-Hot Assembling
 79304 | D:4      | Killed Adrian566's ghost
 79317 | D:4      | Lost mutation: Your magical capacity is low. (-10% MP)
                  | [potion of mutation]
 79317 | D:4      | Lost mutation: You occasionally shout uncontrollably at
                  | your foes. [potion of mutation]
 79317 | D:4      | Lost mutation: You occasionally lose the ability to drink
                  | potions when taking damage. [potion of mutation]
 79317 | D:4      | Gained mutation: You are robust. (+10% HP) [potion of
                  | mutation]
 79317 | D:4      | Gained mutation: You are resistant to electric shocks.
                  | (rElec) [potion of mutation]
 79559 | Pan      | Entered Pandemonium
 79775 | Pan      | Identified the +1 chain mail of the Moon Troll {+Blink rN++
                  | Int-3}
 80824 | Pan      | Noticed Zahiut the pandemonium lord
 80838 | Pan      | Killed Zahiut the pandemonium lord
 81148 | Pan      | Found an exit through the horrors of the Abyss.
 81731 | Pan      | Identified the staff of cold "Dalaga" {rC+ Dex+2}
 82376 | Pan      | Noticed Ganus the pandemonium lord
 82394 | Pan      | Killed Ganus the pandemonium lord
 82402 | Pan      | Found a runed translucent door.
 83233 | Pan      | Got a demonic rune of Zot
 85147 | Pan      | Noticed Kemeeten the pandemonium lord
 85151 | Pan      | Killed Kemeeten the pandemonium lord
 85602 | Pan      | Identified the staff of air "Iliolin" {rElec rF+ rN+ Str-2
                  | Stlth+}
 86650 | Pan      | Reached skill level 27 in Dodging
 86969 | Pan      | Noticed Zizyclunn the pandemonium lord
 86978 | Pan      | Killed Zizyclunn the pandemonium lord
 89330 | Pan      | Noticed Hobioh the pandemonium lord
 89338 | Pan      | Killed Hobioh the pandemonium lord
 89658 | Pan      | Entered the realm of Lom Lobon.
 90033 | Pan      | Noticed Lom Lobon
 90055 | Pan      | Killed Lom Lobon
 90056 | Pan      | Reached skill level 10 in Evocations
 90258 | Pan      | Identified the +0 leather armour of Owiup {rElec Str+3
                  | Stlth-}
 91149 | Pan      | Got a magical rune of Zot
 91150 | Pan      | Identified the +7 falchion of Peace {venom, rPois rF+}
 91469 | Pan      | Gained mutation: Your flesh is heat resistant. (rF+) [a
                  | neqoxec]
 91559 | Pan      | Gained mutation: Your body sometimes deteriorates upon
                  | taking damage. [a neqoxec]
 91561 | Pan      | Gained mutation: Armour fits poorly on your strangely
                  | shaped body. [a neqoxec]
 92219 | Pan      | Found a runed translucent door.
 92291 | Pan      | Found an exit through the horrors of the Abyss.
 92325 | Pan      | Reached skill level 10 in Spellcasting
 92340 | Pan      | Lost mutation: You are robust. (+10% HP) [a neqoxec]
 92341 | Pan      | Gained mutation: You are dopey. (Int -2) [a neqoxec]
 92427 | Pan      | Noticed Viedizis the pandemonium lord
 92430 | Pan      | Killed Viedizis the pandemonium lord
 92728 | Pan      | Took an exit into the Abyss.
 92728 | Abyss:4  | Escaped into the Abyss
 92776 | Abyss:5  | Found a corrupted altar of Lugonu.
 92812 | Abyss:5  | Found a corrupted altar of Lugonu.
 92853 | Abyss:5  | Found a corrupted altar of Lugonu.
 92901 | Abyss:5  | Found a transporter.
 92903 | Abyss:5  | Found a transporter.
 92912 | Abyss:5  | Found a transporter.
 92941 | Abyss:5  | Found a transporter.
 92967 | Abyss:5  | Paralysed by accursed screaming for 1 turns
 92999 | Abyss:5  | Found a transporter.
 93004 | Abyss:5  | Found a transporter.
 93004 | Abyss:5  | Found a corrupted altar of Lugonu.
 93033 | Abyss:5  | Found a transporter.
 93035 | Abyss:5  | Identified the ring "Beti" {+Blink rF- rN++ rCorr SInv}
 93054 | Abyss:5  | Got Aqeson's Elucidation of Mutagenic Cold
 93074 | Abyss:5  | Found a transporter.
 93145 | Abyss:6  | Found a corrupted altar of Lugonu.
 93179 | Abyss:7  | Entered Level 7 of the Abyss
 93179 | Abyss:7  | Found a corrupted altar of Lugonu.
 93192 | Abyss:7  | Found a corrupted altar of Lugonu.
 93216 | Abyss:7  | Found a corrupted altar of Lugonu.
 93288 | Depths:1 | Escaped the Abyss
 93849 | Temple   | Fell from the grace of the Shining One
 93849 | Temple   | Became a worshipper of Zin the Law-Giver
 93849 | Temple   | Reached * piety under Zin
 93849 | Temple   | Reached ** piety under Zin
 93849 | Temple   | Reached *** piety under Zin
 93849 | Temple   | Reached **** piety under Zin
 93849 | Temple   | Reached ***** piety under Zin
 94056 | Depths:1 | Voluntarily entered the Abyss.
 94056 | Abyss:7  | Entered Level 7 of the Abyss
 94112 | Abyss:7  | Noticed a dread lich
 94123 | Abyss:7  | HP: 7/251 [starflower (15)]
 94124 | Abyss:7  | Demolished by a starflower

Illustrated notes ##++## #[[[[# +....+ +....+ #''''# #....# #.@∩.# #....# ##''## #..# #..# #..# ##..## #....# #[.[[# Turn 45464 on Trove: I am a fucking idiot who just entered a trove with 1 open inventory slot

...........................######
......~....................# #...
...<.~≈..........##.....^..# #.##
....≈~≈.................#..###...
....~~~~................#.##)####
...............############..#...
.##..#.÷.......##.........#..####
.##..##÷.......##.#.#.#.#.#...#
..#.###.)......#@.........'..##
.#...##........##.#.#.#.#.#.##
.##..####......##.........#.# ##
..##..........^############.####.
..##....#.....................##.
~..#...##........................
~~.#...##.........###.##.........
≈~..<..........##..# ##.........
~.................## #..........


Turn 45593 on Depths:2: Actually it's fine, the trove was absolutely worthless
anyways

Levels and vault maps discovered:
D:1:      grunt_arrival_crossed_arrows, layout_basic
D:2:      minmay_diamond_boxcup, layout_basic, kennysheep_jessica_study
D:3:      layout_loops_ring, mainiacjoe_overflow_alcove_4, serial_shops,
          nicolae_shop_real_fake_doors, shop,
          nicolae_shop_temple_entry_statues_fountains, shop, shop, uniq_terence,
          uniq_sigmund
D:4:      layout_loops_corners, nicolae_dithmenos_shadow_blocks,
          hellmonk_ghost_happy_afterlife, uniq_edmund
D:5:      layout_rooms, fedhas_bush_and_centaur_altar, minmay_temple_entry_ruins
D:6:      layout_gridville, uniq_grinder
D:7:      cheibrodos_shockbox, layout_rooms, uniq_duvessa
D:8:      minmay_thick_lines, layout_loops_ring, dk_yredelemnul_ordeal,
          serial_ice, serial_ice_n, serial_ice_c, serial_ice_i, serial_ice_m,
          grunt_decor_clamped, uniq_psyche, uniq_maurice
D:9:      layout_gridville, mainiacjoe_overflow_six_doors_small, enter_bailey_2,
          minmay_door_square, minmay_tree_intersection,
          hellmonk_bongcloud_opening
D:10:     layout_gridville, mainiacjoe_overflow_concentric_impassable,
          david_lair_shrubbed, minmay_orc_entry_temple_small,
          hellmonk_guarded_unrand_lears, uniq_lodul, uniq_nergalle
D:11:     layout_stronghold
D:12:     layout_cave_pools, serial_shops, shop, hangedman_cracks_in_the_wall
D:13:     layout_roguey, skrybe_vaults_entry_preservation,
          gauntlet_entry_generic, uniq_erolcha
D:14:     layout_rooms
D:15:     gammafunk_depths_entry_grave, layout_basic, uniq_rupert
Temple:   kb_temple_of_zot
Lair:1:   layout_cave_pods
Lair:2:   layout_cave_pods, ebering_ghost_disaster_area, grunt_megastairs_5
Lair:3:   layout_regular_city, palyth_hydra_swamp_entry,
          spider_nest_entry_funnel_web, nicolae_lair_grazing_beasts
          [nicolae_sub_lair_graze_edge, nicolae_sub_lair_graze_edge,
          nicolae_sub_lair_graze_edge, nicolae_sub_lair_graze_edge]
Lair:4:   dreamdust_isle_of_ice, layout_long_grid, slime_entry_1, wad_woods_06
Lair:5:   gammafunk_lair_ancient_temple, layout_regular_city,
          infiniplex_staircase_pool_2
Swamp:1:  layout_basic_swamp, gammafunk_ghost_wrathful_warriors,
          evilmike_swamp_ruin_house_6
Swamp:2:  cheibrodos_swamp_monstrosity, layout_basic_swamp,
          evilmike_swamp_ruin_house_1, swamp_pool3, uniq_roxanne, uniq_donald
Swamp:3:  gammafunk_sealed_arena, layout_falls_marsh, gammafunk_ghost_cemetery,
          evilmike_swamp_ruin_rubble_2, uniq_kirke
Swamp:4:  swamp_vile, layout_basic_swamp, portal_ice_cave_entry_pillars_2
Spider:1: gammafunk_boulding_lane, uniq_louise
Spider:2: layout_spider_delve, spiders_nest_hornet_nest
Spider:3: layout_spider_delve, nicolae_spider_checkerboard,
          nicolae_spider_cling_halls, uniq_mara
Spider:4: grunt_spider_rune_circles, ebering_ghost_xom
Slime:1:  layout_caves, nicolae_slime_barrier
Slime:2:  layout_caves
Slime:3:  layout_caves
Slime:4:  layout_caves
Slime:5
Orc:1:    layout_caves, serial_shops, shop, uniq_fannar
Orc:2:    st_orc_rangers, layout_diamond_mine, lemuel_statue_altar,
          nicolae_specific_store
Elf:1:    eino_elf_arrival_the_gate, layout_onion_city, serial_shops, shop,
          nicolae_shop_competitors_out_of_business,
          nicolae_shop_pleasant_corner_grove, nicolae_shop_rolling_square,
          orc_legates
Elf:2:    nicolae_elf_blades_splatter_lattice
          [nicolae_blade_entry_splitting_headache], layout_loops_cross,
          serial_shops, nicolae_shop_tiny_waterfront, gammafunk_ghost_cemetery
Elf:3:    nooodl_elf_gasket, layout_geoelf_diagonals, ebering_ghost_inner_flame,
          drop_trap
Vaults:1: portal_desolation_entry_ruin, vaults_dpeg_cross,
          vaults_mumra_chevron_long, nicolae_vaults_ninety_degrees,
          ontoclasm_vaults_echo, nicolae_vaults_little_squares_6,
          vaults_dpeg_ring, ontoclasm_vaults_pinch, vaults_mumra_hex,
          layout_vaults_quadrants
Vaults:2: nicolae_vaults_network_star, minmay_crypt_entry_necro_gods,
          ontoclasm_vaults_ring_small, vaults_room_fours,
          nicolae_vaults_specimen_jars, vaults_room_ringed_pool,
          vaults_dpeg_hooks, hangedman_vaults_variations,
          nicolae_vaults_diagonal_hallway_7, ontoclasm_vaults_bender, v_misc_31,
          grunt_vaults_hallway_long, layout_vaults_omnicross, serial_shops,
          shop, uniq_asterion
Vaults:3: nicolae_vaults_network_periphery, st_spiral_rooms,
          nicolae_vaults_stairing_the_circle, vaults_room_stairs_pillars,
          vaults_room_stairs_pillars, nicolae_vaults_alarming,
          nicolae_vaults_network_square, v_misc_9, ontoclasm_vaults_ligature,
          ontoclasm_vaults_spin, vaults_room_grid, layout_vaults_omnibox
Vaults:4: vaults_mumra_hexcomb, nicolae_vaults_little_squares_1,
          hangedman_vaults_cutoff, nicolae_vaults_circle_grid_a,
          ontoclasm_vaults_tryst, v_misc_5, v_misc_19, vaults_room_octagon,
          vaults_room_fancy_cross, hangedman_vaults_trim,
          nicolae_vaults_rhombus_7, vaults_room_fours, layout_vaults_ring
Vaults:5: serial_shops
Crypt:1:  layout_regular_city, grunt_crypt_arrival_webbed
Crypt:2:  layout_catacombs, st_stairs_14
Crypt:3:  david_glass_crypt, layout_rooms, tomb_entry_forgotten_bobbens
Depths:1: layout_cave_pools, enter_ziggurat_e, rand_demon_pan_entry_1,
          abyss_entry, hell_entry, tso_altar, kennysheep_generic_room_15,
          uniq_sojobo, uniq_enchantress
Depths:2: minmay_two_paths, layout_cave_pools, pan_entry,
          nicolae_trove_entry_columns, pf_coc_iceberg,
          hangedman_abyss_or_decor_clamps
Depths:3: minmay_firetagon, layout_basic, hell_entry,
          nicolae_wu_jian_wuxing_cycle, abyss_entry,
          muffindrake_ghost_three_little_ghosts, serial_shops,
          nicolae_shop_advertising_works [nicolae_subvault_shop_adworks],
          minmay_swirly_circle
Depths:4: evilmike_zot_entry_diamond, layout_long_grid, rand_demon_pan_entry_8,
          hell_entry, minmay_misc_feat_enclosed,
          lightli_enter_wizlab_magi_temple, tgw_trog
Hell
Geh:1:    layout_gehenna_pools_box
Geh:2:    layout_gehenna_pools_box, nicolae_geh_lava_lounge
Geh:3:    layout_gehenna_pools_basic
Geh:4:    layout_gehenna_pools_basic
Geh:5:    layout_gehenna_pools_triple
Geh:6:    layout_gehenna_pools_basic
Geh:7:    geh_hangedman
Abyss:7:  base: Zot:3, spicy_abyss_planar_alliance, evilmike_abyss_exit_17,
          hangedman_abyss_theft, evilmike_abyss_exit_chaos, base: D:1, base:
          Slime:4, evilmike_abyss_exit_9, hangedman_shadowy_showcase,
          bh_abyss_exit_grid, spicy_abyss_helpful_harpoons

Skill      XL: |  1  2  3  4  5  6  7  8  9 10 11 12 13 14 15 16 17 18 19 20 21 22 23 24 25 26 27 |
---------------+----------------------------------------------------------------------------------+-----
Axes           | 3 4 5 7 8 10 12 14 16 17 18 19 20 21 22 23 24 27 | 27.0
Invocations    | 1 2 4 6 8 10 12 14 15 17 19 21 22 24 25 26 27 | 27.0
Fighting       | 4 5 6 7 8 9 11 12 13 14 15 16 17 18 19 20 21 23 24 26 27 | 27.0
Armour         | 4 5 6 8 9 10 11 12 13 14 16 17 18 20 21 22 23 25 26 27 | 27.0
Shields        | 4 |  4.0
Evocations     | 4 5 10 | 10.0
Dodging        | 3 5 6 7 9 10 12 14 27 | 27.0
Spellcasting   | 3 5 13 | 13.8

Action                     |  1- 3 |  4- 6 |  7- 9 | 10-12 | 13-15 | 16-18 | 19-21 | 22-24 | 25-27 || total
---------------------------+-------+-------+-------+-------+-------+-------+-------+-------+-------++-------
  Melee: War axe           |    62 |   130 |   151 |       |       |       |       |       |       ||   343
         Hand axe          |       |       |   163 |   109 |       |       |       |       |       ||   272
         Battleaxe         |       |       |       |   218 |   445 |   699 |   600 |   414 |   721 ||  3097
         Unarmed           |       |       |       |    10 |       |       |       |       |       ||    10
         Flail             |       |       |       |     6 |    65 |    27 |    21 |       |       ||   119
         Executioner's axe |       |       |       |       |       |       |    81 |       |  1650 ||  1731
  Throw: Throwing net      |       |       |       |       |       |     1 |       |       |       ||     1
 Invoke: Divine Shield     |       |       |     2 |     9 |     3 |     7 |     9 |     2 |    15 ||    47
         Cleansing Flame   |       |       |       |     2 |     1 |     6 |     6 |       |    15 ||    30
         Summon Divine War |       |       |       |     1 |       |     3 |     2 |       |     4 ||    10
         Brand Weapon With |       |       |       |       |       |       |     1 |       |       ||     1
         Recite            |       |       |       |       |       |       |       |       |     2 ||     2
         Vitalisation      |       |       |       |       |       |       |       |       |     1 ||     1
  Evoke: Wand              |       |       |       |       |       |       |       |     1 |     1 ||     2
         Lightning rod     |       |       |       |       |       |       |       |     1 |       ||     1
    Use: Scroll            |     2 |     3 |    10 |    13 |     3 |     3 |    17 |     9 |    18 ||    78
         Potion            |     1 |       |     2 |     2 |       |     6 |     1 |     2 |    17 ||    31
   Stab: Confused          |       |       |       |       |       |       |       |       |     2 ||     2
 Armour: Scale mail        |    35 |    22 |       |       |       |       |       |       |       ||    57
         Chain mail        |       |    19 |   141 |    83 |       |       |       |       |       ||   243
         Plate armour      |       |       |       |    50 |   355 |   394 |    81 |       |       ||   880
         Gold dragon scale |       |       |       |       |       |       |   348 |   273 |  1389 ||  2010
  Dodge: Dodged            |    29 |    51 |   149 |   179 |   311 |   379 |   284 |   177 |  1371 ||  2930
         Repelled          |       |       |       |       |     5 |    11 |     2 |       |       ||    18
  Block: Buckler           |    16 |    33 |   117 |    35 |       |       |       |       |       ||   201
         Other             |       |       |       |    17 |    21 |   112 |    81 |    19 |   276 ||   526

Table legend: (Time is in decaauts)
 A = Elapsed time spent in this place.
 B = Non-inter-level travel time spent in this place.
 C = Inter-level travel time spent in this place.
 D = Time resting spent in this place.
 E = Time spent auto-exploring this place.
 F = Levels seen in this place.
 G = Mean time per level.
                   A        B        C        D        E       F      G
               +--------+--------+--------+--------+--------+-----+--------+
         Total |  93235 |  82213 |  11022 |  15906 |  48376 |  83 | 1123.3 |
       Dungeon |  18966 |  14270 |   4696 |   2970 |   8844 |  15 | 1264.4 |
        Temple |    322 |    243 |     79 |    151 |     72 |   1 |  322.0 |
          Lair |   9211 |   6570 |   2641 |   1204 |   4160 |   5 | 1842.2 |
         Swamp |   4830 |   4268 |    562 |    983 |   2395 |   4 | 1207.5 |
   Spider Nest |   4302 |   4025 |    277 |    952 |   2275 |   4 | 1075.5 |
    Slime Pits |   2395 |   2233 |    162 |    288 |   1509 |   5 |  479.0 |
  Orcish Mines |   1695 |   1193 |    502 |    159 |    734 |   2 |  847.5 |
   Elven Halls |   5592 |   5076 |    516 |   1600 |   2177 |   3 | 1864.0 |
        Vaults |  10132 |   9586 |    546 |   1100 |   7052 |   5 | 2026.4 |
         Crypt |   3792 |   3661 |    131 |    121 |   3073 |   3 | 1264.0 |
        Depths |   7552 |   6840 |    712 |   1906 |   3504 |   4 | 1888.0 |
          Hell |    873 |    815 |     58 |     56 |    472 |   1 |  873.0 |
       Gehenna |   4853 |   4718 |    135 |   1310 |   2188 |   7 |  693.3 |
         Abyss |   2485 |   2485 |      0 |    223 |    773 |  11 |  225.9 |
   Pandemonium |  12965 |  12965 |      0 |   2595 |   7914 |   7 | 1852.1 |
         Trove |    171 |    171 |      0 |      0 |      0 |   1 |  171.0 |
        Bailey |    377 |    377 |      0 |      0 |    226 |   1 |  377.0 |
      Ice Cave |    277 |    277 |      0 |     11 |     49 |   1 |  277.0 |
        Wizlab |    772 |    772 |      0 |    217 |     95 |   1 |  772.0 |
    Desolation |    887 |    887 |      0 |     58 |    516 |   1 |  887.0 |
      Gauntlet |    777 |    777 |      0 |      0 |    346 |   1 |  777.0 |
               +--------+--------+--------+--------+--------+-----+--------+

Top non-repeatable levels by time:
Depths:3: 3609 daAuts
    D:10: 2779 daAuts
  Lair:3: 2611 daAuts
  Lair:1: 2509 daAuts
Vaults:5: 2491 daAuts
   Elf:3: 2484 daAuts
Vaults:4: 2355 daAuts
   Geh:7: 2194 daAuts
     D:8: 1943 daAuts
Vaults:3: 1824 daAuts
Vaults:2: 1813 daAuts
  Lair:5: 1725 daAuts
   Elf:1: 1704 daAuts
    D:12: 1661 daAuts
Vaults:1: 1647 daAuts
